 Dungeon Crawl Stone Soup version 0.30.0-5-g1a98f26d00 (webtiles) character file.

Game seed: 9133987622208622958

304 Irreverend the Magician (level 6, 0/32 HPs)
             Began as a Deep Elf Air Elementalist on May 8, 2023.
             Killed by divine providence
             ... invoked by an orc priest
              (13 damage)
             ... on level 5 of the Dungeon.
             The game lasted 00:12:35 (4664 turns).

Irreverend the Magician (Deep Elf Air Elementalist) Turns: 4664, Time: 00:12:35

Health: 0/32       AC:  2    Str:  5    XL:     6   Next: 15%
Magic:  3/16       EV: 12    Int: 22    God:
Gold:   309        SH:  0    Dex: 15    Spells: 6/16 levels left

rFire   . . .        (no weapon)
rCold   . . .        (no shield)
rNeg    . . .        a - +0 robe
rPois   .            (no helmet)
rElec   .            (no cloak)
rCorr   .            (no gloves)
SInv    .            (no boots)
Will    .....        (no amulet)
Stlth   ++           (no ring)
HPRegen 0.25/turn    (no ring)
MPRegen 0.15/turn

%: no passive effects
@: no status effects
A: no striking features
a: no special abilities


You were on level 5 of the Dungeon.
You visited 1 branch of the dungeon, and saw 5 of its levels.
You also visited: Ossuary.

You collected 309 gold pieces.

Inventory:

Armour
 a - a +0 robe (worn)
Jewellery
 b - a ring of protection from fire
Scrolls
 e - a scroll of fear {unknown}
 f - 4 scrolls of identify {unknown}
 g - a scroll of immolation {unknown}
 h - 2 scrolls of vulnerability {unknown}
 i - 2 scrolls of enchant weapon {unknown}
 j - 2 scrolls of magic mapping {unknown}
 k - a scroll of noise {unknown}
 n - a scroll of poison {unknown}
 o - 2 scrolls of teleportation {unknown}
Potions
 c - a potion of curing {unknown}
 d - 2 potions of ambrosia {unknown}
 l - a potion of degeneration {unknown}
 m - 2 potions of invisibility {unknown}
 p - a potion of experience {unknown}
 q - a potion of lignification {unknown}
 r - 2 potions of mutation {unknown}


   Skills:
 - Level 2.4 Dodging
 - Level 2.4 Stealth
 + Level 5.6 Spellcasting
 + Level 3.9 Conjurations
 + Level 4.6 Air Magic


You had 6 spell levels left.
You knew the following spells:

 Your Spells              Type           Power      Damage    Failure   Level
a - Shock                 Conj/Air       100%       1d9       1%          1
b - Static Discharge      Conj/Air       50%        2-5/arc   2%          2
c - Swiftness             Air            26%        N/A       4%          3
d - Airstrike             Air            13%        2d(2-18)  14%         4

Your spell library contained the following spells:

 Spells                   Type           Power      Damage    Failure   Level
 Apportation              Tloc           12%        N/A       10%         1
 Necrotise                Necr           24%        1d5       10%         1
 Summon Small Mammal      Summ           24%        N/A       10%         1


Dungeon Overview and Level Annotations

Branches:
Dungeon (5/15)            Ossuary (visited)
 Temple: D:4-7

Altars:
Fedhas
Nemelex Xobeh
The Shining One

Shops:
D:1 !*

Annotations:
D:3 3 runed translucent doors, qeuew's ghost, amateur MiFi; zlionsfan's ghost, amateur BaNe
D:5 exclusion: ice beast


Message History

Confirm with . or Enter, or press ? or * to list all spells.
You don't have enough magic to cast this spell.
An orc comes into view. It is wielding a +0 short sword.
The orc shouts!
An orc priest comes into view. It is wielding a +0 club.
A howler monkey and 2 orcs come into view.
The howler monkey howls!
The orc priest shouts!
You hear a shout!
An orc comes into view. It is wielding a +0 club.
The howler monkey moves out of view.
The elf zombie hits you. The elf zombie barely misses you.
The howler monkey hoots and howls with incredible vigour!
You hear an angry hiss.
There is a stone staircase leading down here.
The orc priest begins to cast a cantrip, but forgets the words!
Casting: Airstrike (quite dangerous; 14% risk of failure)
Confirm with . or Enter, or press ? or * to list all spells.
Aiming: Shock (safe; 1% risk of failure)
Press: ? - help, Shift-Dir - straight line, f - orc priest, p - elf zombie
Aim: an orc priest, wielding a +0 club (74% to hit)
The zap hits the elf zombie.
The elf zombie is almost destroyed.
The zap hits the orc!
You kill the orc!
The zap hits the orc priest.
The orc priest is lightly wounded.
Casting: Shock (safe; 1% risk of failure)
Confirm with . or Enter, or press ? or * to list all spells.
Aiming: Shock (safe; 1% risk of failure)
Press: ? - help, Shift-Dir - straight line, f/p - orc priest
Aim: an orc priest, wielding a +0 club (lightly wounded, 74% to hit)
The zap hits the elf zombie.
The elf zombie is almost destroyed.
The zap misses the howler monkey.
The zap hits the orc priest.
The orc priest is heavily wounded.
The howler monkey hoots and howls with incredible vigour!
You hear a shout!
You hear an angry hiss.
The orc priest invokes the aid of Beogh against you.
Beogh smites you!
You die...

#.......##############.#
##.......'.)).....#.....#
.........########.#.#####
................#.#.#
.......(..#####.#.#.#
..........#####.#†#.#
...............<..#.#
.........##########.#
.........o)>h.Z.@.#.#
..####..###.#####...# .
.....# #.# #.#...#
#####.###.###.#...#
..........#...#
..######....#>#
##...........#.#
#.########..#.# ##.#.#


You could see a howler monkey, an orc priest and an elf zombie.

Vanquished Creatures
  A scorpion (D:5)
  A jelly (D:4)
  A hound (D:4)
  A gnoll bouda (D:5)
  4 gnolls (D:5)
  3 adders
  2 worms (D:2)
  2 dart slugs
  7 orcs
  8 ball pythons
  5 endoplasms
  4 goblins
  5 hobgoblins
  4 jackals
  5 quokkas
  2 bats (D:3)
  4 frilled lizards (D:1)
  A goblin zombie (Ossuary)
  6 kobolds
  An orc skeleton (D:5)
  4 orc zombies
  4 rats
75 creatures vanquished.

Notes
Turn   | Place    | Note
-------+----------+-------------------------------------------
     0 | D:1      | Irreverend the Deep Elf Air Elementalist began the quest
                  | for the Orb.
     0 | D:1      | Reached XP level 1. HP: 10/10 MP: 6/6
   157 | D:1      | Found Gekamor's Distillery.
   211 | D:1      | Found Amue's General Store.
   410 | D:1      | Reached XP level 2. HP: 15/15 MP: 6/8
  1064 | D:2      | Reached XP level 3. HP: 19/19 MP: 5/10
  1105 | D:2      | Learned a level 2 spell: Static Discharge
  1109 | D:2      | Learned a level 3 spell: Swiftness
  1193 | D:2      | You fall into a shaft and drop 1 floor!
  1335 | D:2      | Reached skill level 4 in Spellcasting
  2056 | D:3      | Identified the +7 spear of Hatred {holy, rElec rC++ Dex+4}
  2223 | D:3      | Found a glowing golden altar of the Shining One.
  2223 | D:3      | Found a blossoming altar of Fedhas.
  2512 | D:3      | Found a runed translucent gate.
  2513 | D:3      | Found a runed translucent gate.
  2514 | D:3      | Found a runed translucent gate.
  2532 | D:3      | Noticed zlionsfan's ghost (amateur BaNe)
  2533 | D:3      | Noticed qeuew's ghost (amateur MiFi)
  2586 | D:3      | Reached XP level 4. HP: 24/24 MP: 9/12
  2591 | D:3      | Identified the +4 ring mail of Wasted Space {-Cast Fly MP-9
                  | Str+6}
  2856 | D:3      | Learned a level 4 spell: Airstrike
  3570 | D:4      | Reached XP level 5. HP: 28/28 MP: 4/14
  3707 | D:4      | Found a sparkling altar of Nemelex Xobeh.
  3953 | D:5      | Entered Level 5 of the Dungeon
  3960 | D:5      | Reached skill level 5 in Spellcasting
  4075 | D:5      | Reached XP level 6. HP: 28/32 MP: 11/16
  4169 | D:5      | Noticed an ice beast
  4319 | D:5      | Found a sand-covered staircase.
  4359 | Ossuary  | Entered an ossuary
  4664 | D:5      | Killed from afar by an orc priest

Illustrated notes

Levels and vault maps discovered:
D:1:      scummos_arrival_forest, layout_loops_ring, serial_shops, shop,
          nicolae_shop_pleasant_corner_grove
D:2:      layout_loops_ring, chequers_mini_garden,
          chequers_serial_rivers_room_b, grunt_decor_arrowhead
D:3:      layout_loops_ring, amethyst_overflow_temple_binary,
          gammafunk_ghost_cemetery
D:4:      layout_loops_cross, kennysheep_mini
D:5:      layout_basic, general_overflow_altar, nicolae_ossuary_entry_catacombs

Skill      XL: |  1  2  3  4  5 |
---------------+----------------+-----
Conjurations   | 2 3 |  3.9
Spellcasting   | 4 5 |  5.6
Air Magic      | 4 |  4.6
Dodging        | |  2.4
Stealth        | |  2.4

Action                     |  1- 3 |  4- 6 || total
---------------------------+-------+-------++-------
   Cast: Shock             |   102 |    62 ||   164
         Airstrike         |       |     9 ||     9
         Static Discharge  |       |    12 ||    12
         Swiftness         |       |     5 ||     5
    Use: Potion            |       |     1 ||     1
 Armour: Robe              |     3 |     3 ||     6
  Dodge: Dodged            |    26 |    19 ||    45
